 Dungeon Crawl Stone Soup version 0.31-a0-321-g19405a7a6a (webtiles) character file.

Game seed: 12653786032050570603

539 porpoise the Skirmisher (level 7, 0/44 HPs)
             Began as a Tengu Hunter on July 18, 2023.
             Slain by a gnoll
             ... wielding a +0 flail
             ... led by a gnoll sergeant
              (9 damage)
             ... on level 4 of the Dungeon.
             The game lasted 00:08:40 (3652 turns).

porpoise the Skirmisher (Tengu Hunter)              Turns: 3652, Time: 00:08:41

Health: 0/44       AC:  4    Str: 11    XL:     7   Next: 26%
Magic:  8/8        EV: 14    Int: 10    God:
Gold:   212        SH:  0    Dex: 19    Spells: 6/6 levels left

rFire   . . .        a - +0 shortbow
rCold   . . .        (shield currently unavailable)
rNeg    . . .        c - +1 leather armour
rPois   .            (helmet restricted)
rElec   .            j - scarf {repulsion}
rCorr   .            (no gloves)
SInv    .            (boots unavailable)
Will    .....        (no amulet)
Stlth   ++           (no ring)
HPRegen 0.27/turn    (no ring)
MPRegen 0.11/turn

%: repel missiles
@: flying quickly and evasively, quick
A: beak, talons 3, nimble flight
a: no special abilities


You were on level 4 of the Dungeon.
You visited 1 branch of the dungeon, and saw 5 of its levels.

You collected 212 gold pieces.

Inventory:

Hand Weapons
 a - a +0 shortbow (weapon)
 b - a +2 short sword of venom
 w - a +0 dagger of speed
Missiles
 i - 12 poisoned darts
Armour
 c - a +1 leather armour (worn)
 j - a scarf of repulsion (worn)
Jewellery
 o - a ring of magical power
 q - a ring of ice
 x - a +4 ring of protection
Wands
 v - a wand of charming (18)
Scrolls
 d - a scroll of butterflies
 f - 4 scrolls of enchant armour
 h - a scroll of silence {unknown}
 n - a scroll of poison {unknown}
 r - a scroll of immolation
 t - a scroll of noise
Potions
 e - 2 potions of berserk rage
 g - 3 potions of enlightenment
 k - a potion of attraction
 l - 3 potions of brilliance
 m - a potion of mutation {unknown}
 p - 2 potions of heal wounds {unknown}
 s - a potion of resistance {unknown}
 u - a potion of curing {unknown}
 z - a potion of lignification {unknown}
 A - a potion of experience {unknown}


   Skills:
 + Level 4.7 Fighting
 * Level 8.0 Ranged Weapons
 - Level 2.1 Dodging
 - Level 1.0 Stealth


You had 6 spell levels left.
You didn't know any spells.
Your spell library contained the following spells:

 Spells                   Type           Power      Damage    Failure   Level
 Sandblast                Erth           0%         2d4       45%         1
 Summon Small Mammal      Summ           0%         N/A       45%         1
 Passwall                 Tmut/Erth      0%         N/A       58%         2
 Call Canine Familiar     Summ           0%         N/A       83%         3
 Stone Arrow              Conj/Erth      0%         3d7       83%         3
 Summon Guardian Golem    Hex/Summ       0%         N/A       83%         3
 Vhi's Electric Charge    Tloc/Air       0%         N/A       83%         3
 Arcjolt                  Conj/Air       0%         1d10      100%        5
 Plasma Beam              Fire/Air       0%         2x1d10    100%        6


Dungeon Overview and Level Annotations

Branches:
Dungeon (5/15)
 Temple: D:4-7

Altars:
Gozag
Qazlal


Innate Abilities, Weirdness & Mutations

You have a beak for a mouth.
You have claws for feet.
Your magical nature lets you fly swiftly and evasively.


Message History

You shoot an arrow. The arrow hits the gnoll.
The gnoll is heavily wounded.
The gnoll barely misses you. The gnoll hits you with a +0 flail.
The gnoll sergeant hits you from afar with a +0 spear.
You shoot an arrow. The arrow barely misses the gnoll.
The arrow hits the gnoll.
The gnoll is heavily wounded.
The gnoll barely misses you. The gnoll misses you.
The gnoll sergeant closely misses you.
You shoot an arrow. The arrow hits the gnoll.
The gnoll is heavily wounded.
The gnoll hits you from afar with a +0 spear.
The gnoll completely misses you.
The gnoll sergeant hits you but does no damage.
There is a stone staircase leading up here.
You shoot an arrow. The arrow hits the gnoll.
The gnoll is severely wounded.
The gnoll closely misses you. The gnoll sergeant barely misses you.
The gnoll sergeant hits you from afar with a +0 spear.
You fly upwards.
There is a stone staircase leading down here.
You are too injured to fight recklessly!
You are too injured to fight recklessly!
You are too injured to fight recklessly!
You shoot an arrow. The arrow closely misses the gnoll.
The gnoll completely misses you.
You shoot an arrow.
The arrow hits the gnoll but does no damage.
The gnoll is severely wounded.
The gnoll hits you with a +0 flail!
* * * LOW HITPOINT WARNING * * *
You shoot an arrow.
The arrow hits the gnoll but does no damage.
The gnoll is severely wounded.
The gnoll hits you with a +0 flail.
* * * LOW HITPOINT WARNING * * *
You shoot an arrow. The arrow hits the gnoll.
The gnoll is severely wounded.
The gnoll hits you with a +0 flail!
You die...

#.# #.#.##########...# #.#
#.#.#............# #.#
#.#.#.########...# #.# #.#.#.#
#....#.. #.# #.#.#.#####....#.#
#.# #.#.#..........#.#
#.######........##...)#.#
#........g.......'......#
#.......@.......##.......
#.............####...###.
#######.............# #.....#.
#.....#....###......########.#.
###.##.......#
#......+..........
........#....#
#......########.##
###.##.##.##.# #......# #.#
..........##'####.....########.#
...............##.....#.....##.#


You could see a gnoll.

Vanquished Creatures
  Sigmund (D:3)
  2 scorpions
  An orc priest (D:4)
  Ijyb (D:3)
  Natasha (thrice) (D:3)
  An adder (D:4)
  3 gnolls
  2 worms
  3 dart slugs
  9 orcs (D:4)
  5 bats
  6 endoplasms
  A giant cockroach (D:1)
  10 goblins
  8 hobgoblins
  2 jackals (D:1)
  9 kobolds
  A quokka (D:1)
  2 ball pythons (D:1)
  3 frilled lizards
  5 rats
78 creatures vanquished.

Notes
Turn   | Place    | Note
-------+----------+-------------------------------------------
     0 | D:1      | porpoise the Tengu Hunter began the quest for the Orb.
     0 | D:1      | Reached XP level 1. HP: 12/12 MP: 2/2
    87 | D:1      | Reached XP level 2. HP: 17/17 MP: 3/3
   299 | D:1      | Reached skill level 5 in Ranged Weapons
   347 | D:1      | Reached XP level 3. HP: 22/22 MP: 4/4
   850 | D:2      | Found a faded altar of an unknown god.
  1499 | D:3      | Found an opulent altar of Gozag.
  1519 | D:3      | Noticed Ijyb
  1556 | D:3      | Killed Ijyb
  1557 | D:3      | Reached XP level 4. HP: 28/28 MP: 5/5
  1557 | D:3      | Found a stormy altar of Qazlal.
  1635 | D:3      | Noticed Sigmund
  1644 | D:3      | Killed Sigmund
  1645 | D:3      | Reached skill level 6 in Ranged Weapons
  1645 | D:3      | Gained mutation: Your magical nature lets you fly swiftly
                  | and evasively. [Tengu growth]
  1645 | D:3      | Reached XP level 5. HP: 31/33 MP: 6/6
  1645 | D:3      | Reached XP level 6. HP: 36/38 MP: 7/7
  1838 | D:3      | Noticed Natasha
  1846 | D:3      | Killed Natasha
  1847 | D:3      | Reached skill level 7 in Ranged Weapons
  1955 | D:3      | Noticed Natasha
  1960 | D:3      | Killed Natasha
  2354 | D:3      | Noticed Natasha
  2357 | D:3      | Killed Natasha
  2956 | D:4      | Reached XP level 7. HP: 40/44 MP: 8/8
  3454 | D:5      | Entered Level 5 of the Dungeon
  3608 | D:5      | Reached skill level 8 in Ranged Weapons
  3652 | D:4      | Slain by a gnoll

Illustrated notes

Levels and vault maps discovered:
D:1:      dpeg_arrival_signposts, layout_basic, hex_medium, hex_intersection,
          chequers_jeans, minmay_3d_cube
D:2:      layout_loops_cross, shapermc_ecumenical_altar_notcrosses,
          kennysheep_path_1
D:3:      layout_basic, nicolae_gozag_cash_rules_everything_around_me,
          mainiacjoe_overflow_brackets, kennysheep_cross_bottleneck,
          corner_web_ring, st_stairs_3, fountainhead, uniq_natasha, uniq_ijyb,
          uniq_sigmund
D:4:      layout_basic
D:5:      layout_loops_ring, chequers_temple_overflow_minitemple,
          chequers_avenue, nicolae_elevator_lobby_plus, uniq_pikel,
          uniq_menkaure

Skill      XL: |  1  2  3  4  5  6  7 |
---------------+----------------------+-----
Ranged Weapons | 5 6 7 8 |  8.0
Fighting       | 3 4 |  4.7
Dodging        | |  2.1
Stealth        | |  1.0

Action                     |  1- 3 |  4- 6 |  7- 9 || total
---------------------------+-------+-------+-------++-------
  Melee: Short sword       |       |     9 |       ||     9
         Peck              |       |     3 |       ||     3
         Kick              |       |     2 |       ||     2
   Fire: Shortbow          |   143 |    80 |    67 ||   290
  Throw: Dart              |     3 |       |       ||     3
    Use: Scroll            |     1 |     7 |       ||     8
 Armour: Leather armour    |    22 |     5 |     4 ||    31
  Dodge: Dodged            |    38 |    15 |    28 ||    81
         Repelled          |       |     1 |       ||     1

Table legend: (Time is in decaauts)
 A = Elapsed time spent in this place.
 B = Non-inter-level travel time spent in this place.
 C = Inter-level travel time spent in this place.
 D = Time resting spent in this place.
 E = Time spent auto-exploring this place.
 F = Levels seen in this place.
 G = Mean time per level.
                   A        B        C        D        E       F      G
               +--------+--------+--------+--------+--------+-----+--------+
         Total |   3565 |   3463 |    102 |    553 |   2346 |   5 |  713.0 |
       Dungeon |   3565 |   3463 |    102 |    553 |   2346 |   5 |  713.0 |
               +--------+--------+--------+--------+--------+-----+--------+

Top non-repeatable levels by time:
     D:4: 1068 daAuts
     D:3: 905 daAuts
     D:1: 773 daAuts
     D:2: 726 daAuts
     D:5: 91 daAuts
